 Dungeon Crawl Stone Soup version 0.22-a0-377-g846bec1 (webtiles) character file.

105 iamserjio the Charmwright (level 4, -2/33 HPs)
             Began as a Demonspawn Skald on Apr 27, 2018.
             Slain by a gnoll
             ... wielding a +0 halberd
              (7 damage)
             ... on level 3 of the Dungeon.
             The game lasted 00:05:32 (2863 turns).

iamserjio the Charmwright (Demonspawn Skald)        Turns: 2863, Time: 00:05:34

Health: -2/33      AC:  6    Str: 12 (13) XL:     4   Next: 54%
Magic:  6/7        EV: 11    Int: 12 (14) God:
Gold:   159        SH:  0    Dex:  9 (12) Spells: 7/8 levels left

rFire    . . .     SeeInvis .   i - +2 flail (protect)
rCold    . . .     Gourm    .   (no shield)
rNeg     . . .     Faith    .   b - +0 leather armour
rPois    .         Spirit   .   (no helmet)
rElec    .         Reflect  .   (no cloak)
rCorr    .         Harm     .   (no gloves)
MR       .....                  (no boots)
Stlth    +.........             (no amulet)
HPRegen  0.11/turn              (no ring)
MPRegen  0.10/turn              (no ring)

@: infused
A: thin metallic scales 2
a: no special abilities


You were on level 3 of the Dungeon.
You were not hungry.

You visited 1 branch of the dungeon, and saw 3 of its levels.

You collected 159 gold pieces.

Inventory:

Hand Weapons
 a - a +0 mace
 i - a +2 flail of protection (weapon)
Armour
 b - a +0 leather armour (worn)
 n - a +0 ring mail
 r - a +0 pair of boots
Jewellery
 h - an uncursed ring of see invisible {unknown}
 j - an uncursed amulet of the gourmand {unknown}
Scrolls
 e - a scroll of immolation {unknown}
 f - a scroll of enchant armour {unknown}
 g - 2 scrolls of teleportation {unknown}
 m - 2 scrolls of remove curse {unknown}
 o - 3 scrolls of identify {unknown}
 p - 2 scrolls of fear {unknown}
Comestibles
 c - 3 chunks of flesh
 d - 4 rations


   Skills:
 - Level 2.0 Fighting
 * Level 2.7 Maces & Flails
 + Level 1.6 Armour
 - Level 1.7 Dodging
 + Level 2.6 Spellcasting
 * Level 3.6 Charms


You had 7 spell levels left.
You knew the following spells:

 Your Spells              Type           Power        Failure   Level  Hunger
a - Infusion              Chrm           ##..         8%          1    #......


Dungeon Overview and Level Annotations

Branches:
Dungeon (3/15)

Altars:
Sif Muna


Innate Abilities, Weirdness & Mutations

You are mostly covered in thin metallic scales. (AC +3)


Message History

The gnoll barely misses you.
You closely miss the orc.
The orc is severely wounded.
The orc barely misses you. The orc hits you but does no damage.
The gnoll barely misses you.
You sock the orc!
You kill the orc!
The gnoll hits you from afar with a halberd!
The gnoll hits you from afar with a halberd.
Casting: Infusion (safe; 8% risk of failure)
Confirm with . or Enter, or press ? or * to list all spells.
You begin infusing your attacks with magical energy.
The gnoll hits you from afar with a halberd.
The gnoll closely misses you. The orc hits you but does no damage.
The gnoll hits you from afar with a halberd!
* * * LOW HITPOINT WARNING * * *
There is a stone staircase leading up, spattered with blood here.
The gnoll barely misses you. The orc closely misses you.
The gnoll hits you from afar with a halberd!
You die...

#.....#...#...#
#..##...#....#
#............##
##.#..........## .
#.#............ .
#.#...........### .# .
#...............###.#.#
###........#..(.......#
#........#...@†.....#
#........#.ggo......#
#..g......o.........#
#.g.......###.)######
#..........#....#
#o.o.........##.#
#..g.......## .#
#.<........# .#
#).........# ..


You could see 2 gnolls and 2 orcs.

Vanquished Creatures
  4 adders
  An ooze (D:2)
  3 worms (D:2)
  A dart slug (D:1)
  2 orcs
  A giant cockroach (D:1)
  8 goblins
  6 hobgoblins
  9 kobolds
  2 quokkas
  A ball python (D:1)
  4 bats
  8 frilled lizards
  3 rats
53 creatures vanquished.

Notes
Turn   | Place    | Note
-------+----------+-------------------------------------------
     0 | D:1      | iamserjio the Demonspawn Skald began the quest for the Orb.
     0 | D:1      | Reached XP level 1. HP: 16/16 MP: 3/3
   260 | D:1      | Reached skill level 1 in Armour
   564 | D:1      | Gained mutation: You are partially covered in thin metallic scales. (AC +2) [demonic ancestry]
   564 | D:1      | Reached XP level 2. HP: 17/22 MP: 5/5
   648 | D:1      | Reached skill level 3 in Charms
  1201 | D:1      | Reached XP level 3. HP: 18/27 MP: 3/6
  1911 | D:2      | Found a deep blue altar of Sif Muna.
  2039 | D:2      | Gained mutation: You are mostly covered in thin metallic scales. (AC +3) [demonic ancestry]
  2039 | D:2      | Reached XP level 4. HP: 33/33 MP: 7/7
  2421 | D:2      | HP: 2/49 [poisoned by an adder]
  2863 | D:3      | Slain by a gnoll

Vault maps used:
D:1:      nicolae_arrival_somewhat_less_tricky_arrival
D:2:      lemuel_blue_sif_altar
D:3:      first_ration, gup_sewer_entry_pipe, dk_noncrumbling_4

Skill      XL: |  1  2 |
---------------+-------+-----
Armour         | 1 |  1.6
Maces & Flails | 2 |  2.7
Charms         | 3 |  3.6
Fighting       | |  2.0
Dodging        | |  1.7
Spellcasting   | |  2.6

Action                   |  1- 3 |  4- 6 || total
-------------------------+-------+-------++-------
Melee: Mace              |   127 |    65 ||   192
       Flail             |       |     9 ||     9
 Cast: Infusion          |     3 |     4 ||     7
  Use: Potion            |       |     5 ||     5
 Stab: Sleeping          |     2 |       ||     2
  Eat: Chunk             |     4 |     3 ||     7
Armor: Leather armour    |    50 |    29 ||    79
       Skin              |       |     5 ||     5
Dodge: Dodged            |    99 |    56 ||   155

Table legend:
 A = Spawn XP
 B = Non-spawn XP
 C = Spawn XP percentage of total XP
 D = Spawn monster count
 E = Non-spawn monster count
 F = Spawn count percentage of total count
 G = Total turns spent on level
                    A         B        C        D         E        F      G
               +---------+---------+-------+---------+---------+-------+---------
         Total |       0 |     151 |   0.0 |       0 |      53 |   0.0 |  2863
               +---------+---------+-------+---------+---------+-------+---------
           D:1 |       0 |      48 |   0.0 |       0 |      21 |   0.0 |  1375
           D:2 |       0 |      93 |   0.0 |       0 |      27 |   0.0 |  1375
           D:3 |       0 |      10 |   0.0 |       0 |       5 |   0.0 |   113
               +---------+---------+-------+---------+---------+-------+---------
